 Dungeon Crawl Stone Soup version 0.28.0-45-g0d030f2227 (webtiles) character file.

Game seed: 11118362187251595955

87 Ablot the Grasshopper (level 4, -7/38 HPs)
             Began as a Gnoll Warper on Apr 7, 2022.
             Killed from afar by an orc wizard (8 damage)
             ... with a magic dart
             ... on level 3 of the Dungeon.
             The game lasted 00:02:23 (2110 turns).

Ablot the Grasshopper (Gnoll Warper)                Turns: 2110, Time: 00:02:23

Health: -7/38      AC:  4    Str: 12    XL:     4   Next: 51%
Magic:  11/11      EV: 13    Int: 12    God:
Gold:   100        SH:  0    Dex: 12    Spells: 11/13 levels left

rFire   . . .      SeeInvis .   a - +0 spear
rCold   . . .      Faith    .   (no shield)
rNeg    . . .      Spirit   .   b - +0 leather armour
rPois   .          Reflect  .   (no helmet)
rElec   .          Harm     .   (no cloak)
rCorr   .          Rampage  .   (no gloves)
Will    .....                   m - +0 pair of boots
Stlth   +.........              (no amulet)
HPRegen 0.12/turn               (no ring)
MPRegen 0.12/turn               (no ring)

@: confused
A: fangs 1, strong nose, distributed training
a: no special abilities


You were on level 3 of the Dungeon.
You visited 1 branch of the dungeon, and saw 4 of its levels.

You collected 139 gold pieces.
You spent 39 gold pieces at shops.

Inventory:

Hand Weapons
 a - a +0 spear (weapon)
Missiles
 d - 5 boomerangs of dispersal (quivered)
 i - 43 arrows
 j - 64 stones
Armour
 b - a +0 leather armour (worn)
 m - a +0 pair of boots (worn)
Scrolls
 c - a scroll of blinking
 f - 2 scrolls of immolation {unknown}
 g - a scroll of teleportation {unknown}
 h - 2 scrolls of holy word {unknown}
 o - a scroll of enchant armour {unknown}
Potions
 e - 4 potions of curing
 k - 2 potions of flight {unknown}
 l - 2 potions of brilliance {unknown}
 n - a potion of degeneration {unknown}
 p - a potion of mutation {unknown}


   Skills:
 + Level 4.6 Fighting
 + Level 1.1 Short Blades
 + Level 1.1 Long Blades
 + Level 1.1 Axes
 + Level 1.1 Maces & Flails
 + Level 4.6 Polearms
 + Level 1.1 Staves
 + Level 1.1 Slings
 + Level 1.1 Bows
 + Level 1.1 Crossbows
 + Level 2.7 Throwing
 + Level 2.7 Armour
 + Level 4.6 Dodging
 + Level 1.1 Stealth
 + Level 1.1 Shields
 + Level 1.1 Unarmed Combat
 + Level 5.1 Spellcasting
 + Level 0.9 Conjurations
 + Level 0.9 Hexes
 + Level 0.9 Summonings
 + Level 0.9 Necromancy
 + Level 5.4 Translocations
 + Level 0.9 Transmutations
 + Level 0.9 Fire Magic
 + Level 0.9 Ice Magic
 + Level 0.9 Air Magic
 + Level 0.9 Earth Magic
 + Level 0.9 Poison Magic
 + Level 1.2 Invocations
 + Level 1.1 Evocations


You had 11 spell levels left.
You knew the following spells:

 Your Spells              Type           Power      Damage    Failure   Level
a - Blink                 Tloc           32%        N/A       4%          2

Your spell library contained the following spells:

 Spells                   Type           Power      Damage    Failure   Level
 Gell's Gravitas          Tloc           16%        N/A       8%          3
 Lesser Beckoning         Tloc           16%        N/A       8%          3
 Teleport Other           Tloc           16%        N/A       8%          3
 Ignite Poison            Fire/Tmut/Pois 5%         N/A       45%         3
 Mephitic Cloud           Conj/Pois/Air  5%         N/A       45%         3
 Manifold Assault         Tloc           16%        N/A       58%         5
 Freezing Cloud           Conj/Ice/Air   2%         6-21      99%         5


Dungeon Overview and Level Annotations

Branches:
Dungeon (4/15)
 Temple: D:4-7

Altars:

Shops:
D:2 !


Innate Abilities, Weirdness & Mutations

You have very sharp teeth.
Your uncanny sense of smell can sniff out nearby items.
Your experience applies equally to all skills.


Message History

You resist with some effort.
You hit the orc wizard but do no damage.
The orc wizard is heavily wounded.
The orc barely misses you.
The orc wizard hits you with a +0 dagger of protection.
You barely miss the orc wizard.
The orc wizard is heavily wounded.
The orc hits you but does no damage. The orc wizard casts a spell at you.
You are confused.
The orc hits you with a +0 dagger. The orc hits you but does no damage.
The orc wizard casts a spell.
The orc wizard flickers and vanishes!
Deactivating autopickup; reactivate with Ctrl-A.
The orc hits you but does no damage.
You barely miss something. Your bite misses something.
The orc hits you with a +0 dagger.
You feel less confused.
A magic dart appears from out of thin air!
The magic dart hits you. Something hits you but does no damage.
The orc hits you but does no damage.
You hit something.
You hear some strange, mumbled words.
Something tries to affect you, but you resist.
You hit something. The orc hits you but does no damage. Something hits you.
You hit something. The orc misses you.
You hear some strange, mumbled words.
A magic dart appears from out of thin air!
The magic dart hits you!
* * * LOW HITPOINT WARNING * * *
You barely miss something. The orc misses you.
You hear some strange, mumbled words.
You are confused.
You miss something. The orc hits you with a +0 dagger.
* * * LOW HITPOINT WARNING * * *
You hear some strange, mumbled words.
A magic dart appears from out of thin air!
The magic dart hits you!
You die...

#.................###......#.....
#.......#..................#.....
#...........#.###.###.....##.....
#.......#...#.##.........<##.....
#.......#####..).................
#............>...................
#...................#.######.....
#..............{o.......# #......
#...............@..#....# #......
#.......................# #......
#..................###### #...###
##.................########...###
#.....................#.........
#.....................#.........
#.....................#.........
#........................#######
#........................#......


You could see an orc.

Vanquished Creatures
  2 adders (D:2)
  A worm (D:2)
  3 dart slugs
  An orc (D:3)
  4 endoplasms
  2 giant cockroaches
  8 goblins
  6 hobgoblins
  2 jackals (D:2)
  6 kobolds
  3 quokkas
  2 ball pythons
  7 bats
  6 frilled lizards
  5 rats
58 creatures vanquished.

Notes
Turn   | Place    | Note
-------+----------+-------------------------------------------
     0 | D:1      | Ablot the Gnoll Warper began the quest for the Orb.
     0 | D:1      | Reached XP level 1. HP: 20/20 MP: 6/6
   175 | D:1      | Reached XP level 2. HP: 21/26 MP: 7/7
   178 | D:1      | Learned a level 2 spell: Blink
   509 | D:2      | Reached XP level 3. HP: 31/31 MP: 9/9
   527 | D:2      | Reached skill level 5 in Spellcasting
   531 | D:2      | Found Fiuzair's Distillery.
   538 | D:2      | Bought a potion of curing for 39 gold pieces
   659 | D:2      | Reached skill level 1 in Invocations
   830 | D:2      | Reached skill level 1 in Short Blades
   830 | D:2      | Reached skill level 1 in Long Blades
   830 | D:2      | Reached skill level 1 in Axes
   830 | D:2      | Reached skill level 1 in Maces & Flails
   830 | D:2      | Reached skill level 1 in Staves
   830 | D:2      | Reached skill level 1 in Slings
   830 | D:2      | Reached skill level 1 in Bows
   830 | D:2      | Reached skill level 1 in Crossbows
   830 | D:2      | Reached skill level 1 in Stealth
   830 | D:2      | Reached skill level 1 in Shields
   830 | D:2      | Reached skill level 1 in Unarmed Combat
   830 | D:2      | Reached skill level 1 in Evocations
  1300 | D:2      | Reached XP level 4. HP: 35/38 MP: 11/11
  2076 | D:4      | Noticed a black bear
  2110 | D:3      | HP: 1/38 [orc/+0 dagger (2)]
  2110 | D:3      | Killed from afar by an orc wizard

Illustrated notes

Levels and vault maps discovered:
D:1:      dpeg_arrival_arbitrary_b, layout_basic
D:2:      layout_basic, serial_shops, nicolae_shop_hallway_plus,
          hangedman_decor_riveting
D:3:      layout_basic
D:4:      layout_cave_pools, dk_yredelemnul_ordeal,
          minmay_temple_entry_offerings, serial_shops, shop,
          nicolae_shop_window_shopping, shop

Skill      XL: |  1  2  3 |
---------------+----------+-----
Spellcasting   | 5 |  5.1
Invocations    | 1 |  1.2
Short Blades   | 1 |  1.1
Long Blades    | 1 |  1.1
Axes           | 1 |  1.1
Maces & Flails | 1 |  1.1
Staves         | 1 |  1.1
Slings         | 1 |  1.1
Bows           | 1 |  1.1
Crossbows      | 1 |  1.1
Stealth        | 1 |  1.1
Shields        | 1 |  1.1
Unarmed Combat | 1 |  1.1
Evocations     | 1 |  1.1
Fighting       | |  4.6
Polearms       | |  4.6
Throwing       | |  2.7
Armour         | |  2.7
Dodging        | |  4.6
Conjurations   | |  0.9
Hexes          | |  0.9
Summonings     | |  0.9
Necromancy     | |  0.9
Translocations | |  5.4
Transmutations | |  0.9
Fire Magic     | |  0.9
Ice Magic      | |  0.9
Air Magic      | |  0.9
Earth Magic    | |  0.9
Poison Magic   | |  0.9

Action                   |  1- 3 |  4- 6 || total
-------------------------+-------+-------++-------
Melee: Spear             |   129 |    85 ||   214
       Punch             |     1 |     1 ||     2
       Bite              |     8 |     6 ||    14
 Stab: Sleeping          |     1 |     1 ||     2
Armor: Leather armour    |    21 |    19 ||    40
Dodge: Dodged            |    50 |    35 ||    85
